 Dungeon Crawl Stone Soup version 0.30-a0-1123-gabc949cf19 (webtiles) character file.

Game seed: 1277476339743442980

2451 themarg the Fighter (level 9, -3/77 HPs)
             Began as a Demonspawn Cinder Acolyte on Apr 22, 2023.
             Was a High Priest of Ignis.
             Slain by a vampire (9 damage)
             ... on level 7 of the Dungeon.
             The game lasted 00:16:54 (7855 turns).

themarg the Fighter (Demonspawn Cinder Acolyte)     Turns: 7855, Time: 00:16:54

Health: -3/77      AC:  3    Str: 14    XL:     9   Next: 25%
Magic:  1/15       EV: 16    Int: 21    God:    Ignis [*****.]
Gold:   403        SH:  0    Dex:  8    Spells: 14/16 levels left

rFire   + . .        n - +1 short sword (venom)
rCold   . . .        (no shield)
rNeg    . . .        b - +0 robe
rPois   .            (no helmet)
rElec   .            N - +0 cloak
rCorr   .            (gloves unavailable)
SInv    .            (no boots)
Will    .....        E - amulet of the acrobat
Stlth   ++           k - ring of wizardry
HPRegen 0.32/turn    l - +5 ring of evasion
MPRegen 0.14/turn

%: acrobat, wizardry (x1)
@: no status effects
A: demonic guardian 1, powered by death 1, demonic touch 3
a: Renounce Religion, Fiery Armour, Foxfire Swarm, Rising Flame


You were on level 7 of the Dungeon.
You worshipped Ignis.
Ignis was extremely pleased with you.
You visited 2 branches of the dungeon, and saw 8 of its levels.

You collected 417 gold pieces.
You spent 14 gold pieces at shops.

Inventory:

Hand Weapons
 a - a -1 hand axe of flaming
 n - a +1 short sword of venom (weapon)
 J - a +1 short sword of protection
Missiles
 c - 65 stones (quivered)
 d - 3 throwing nets
 i - 3 boomerangs
 r - 7 datura-tipped darts
 G - 16 poisoned darts
Armour
 b - a +0 robe (worn)
 N - a +0 cloak (worn)
Jewellery
 k - a ring of wizardry (left hand)
 l - a +5 ring of evasion (right hand)
 B - the amulet "Punoit" {RegenMP Rampage +Blink rElec rN++ Int-4}
   (You found it on level 4 of the Dungeon)

   [amulet of magic regeneration]

   It increases your rate of magic regeneration.
   Int:       It affects your intelligence (-4).
   rElec:     It insulates you from electricity.
   rN:        It greatly protects you from negative energy.
   +Blink:    It lets you blink.
   Rampage:   It bestows one free step when moving towards enemies.
 E - an amulet of the acrobat (around neck)
Wands
 w - a wand of light (10)
 x - a wand of roots (11)
 I - a wand of mindburst (15)
Scrolls
 g - a scroll of fear
 m - 2 scrolls of vulnerability
 o - a scroll of fog {unknown}
 s - a scroll of amnesia {unknown}
 t - 2 scrolls of enchant armour {unknown}
 u - 2 scrolls of magic mapping {unknown}
 v - a scroll of brand weapon {unknown}
 y - 3 scrolls of enchant weapon {unknown}
 z - 2 scrolls of teleportation
 C - 2 scrolls of silence {unknown}
 F - a scroll of noise {unknown}
 H - a scroll of identify
Potions
 e - a potion of ambrosia {unknown}
 f - 2 potions of curing
 h - a potion of haste
 j - 2 potions of heal wounds
 p - 2 potions of attraction {unknown}
 q - a potion of invisibility {unknown}
 A - a potion of resistance {unknown}
 D - 2 potions of berserk rage {unknown}
 K - a potion of magic {unknown}
 L - a potion of lignification {unknown}
 M - a potion of brilliance {unknown}


   Skills:
 + Level 9.5 Fighting
 - Level 2.6 Axes
 - Level 2.0 Throwing
 - Level 3.0 Stealth
 - Level 4.0 Spellcasting
 - Level 6.0 Fire Magic
 - Level 2.0 Evocations


You had 14 spell levels left.
You knew the following spells:

 Your Spells              Type           Power      Damage    Failure   Level
a - Scorch                Fire           58%        2d7       1%          2

Your spell library contained the following spells:

 Spells                   Type           Power      Damage    Failure   Level
 Freeze                   Ice            16%        1d4       4%          1
 Frozen Ramparts          Ice            8%         1d2       14%         3
 Hailstorm                Conj/Ice       4%         3d4       14%         3


Dungeon Overview and Level Annotations

Branches:
Dungeon (7/15)             Temple (1/1) D:4

Altars:
Ashenzari
Cheibriados
Dithmenos
Fedhas
Gozag
Hepliaklqana
Kikubaaqudgha
Makhleb
Nemelex Xobeh
Okawaru
Qazlal
Ru
Sif Muna
Uskayaw
Wu Jian
Xom
Yredelemnul

Shops:
D:1 !

Annotations:
D:1 1 transporter


Innate Abilities, Weirdness & Mutations

A weak demonic guardian rushes to your aid.
You regenerate a little health from kills.
Your touch may irresistibly damage your foes and sap their willpower.


Message History

The vampire is heavily damaged.
The vampire closely misses you. The vampire barely misses you.
Flames lash the vampire.
The vampire is burned terribly!
The vampire is almost destroyed.
The vampire barely misses you. The vampire misses you.
You hit the vampire but do no damage.
The vampire is almost destroyed.
The vampire hits you! The vampire bites you!
The vampire draws strength from your injuries!
Flames lash the vampire but do no damage.
The vampire hits you. The vampire bites you!
A demonic guardian appears!
The vampire draws strength from your injuries!
An iguana comes into view.
You closely miss the vampire.
The vampire is heavily damaged.
The vampire mumbles some strange words.
The vampire flickers and vanishes!
Deactivating autopickup; reactivate with Ctrl-A.
Flames lash something.
You hear some strange, mumbled words.
Something tries to affect you, but you resist.
You barely miss something. Something hits you.
Something bites you but does no damage.
You hit something. Something hits you but does no damage. Something bites you!
Something draws strength from your injuries!
You feel much better. Something hits you! Something bites you!
Something draws strength from your injuries!
You miss something. Your touch misses something. Something hits you!
Something bites you!
* * * LOW HITPOINT WARNING * * *
Something draws strength from your injuries!
Aiming: Fastroot
Press: ? - help, Shift-Dir - straight line The roots erupt in riotous growth!
Roots grab the iguana.
The grasping roots constrict the iguana!
Something hits you!
* * * LOW HITPOINT WARNING * * *
Something bites you!
You die...

#. #.)... .#.# #####..#
# .#.# ...#..# #. .#.#
#.#..# ###.#####.#.#
###...## ..........#.#
##.....# ..........#.#
#..#.#.# ......l.5.#.#
##.##.#.#
......{@..#.###..##.#.#
.........##.........#..
.................######
.........##.####.#
.............. #.#
...........###.#.#
........... #.#
.........### #.# #
........# .# .


You could see an iguana (rooted, ally target) and a friendly iron imp
(summoned).

Vanquished Creatures
  Pikel (D:5)
  Prince Ribbit (D:6)
  A yak (D:6)
  A steam dragon (D:6)
  2 water moccasins (D:6)
  An ice beast (D:6)
  A black bear (D:5)
  An ogre (D:4)
  3 centaurs
  2 lemures (D:5)
  2 phantoms
  A kobold brigand (D:6)
  2 jellies (D:4)
  4 hounds
  A sleepcap (D:5)
  An iguana (D:4)
  An orc wizard (D:4)
  Natasha (D:3)
  11 adders
  3 gnolls (D:4)
  An ufetubus (D:4)
  3 worms
  3 dart slugs
  5 orcs
  8 endoplasms
  6 giant cockroaches
  4 goblins
  10 hobgoblins
  3 jackals (D:3)
  7 quokkas
  20 ball pythons
  11 bats
  4 frilled lizards
  12 kobolds
  8 rats
146 creatures vanquished.

Vanquished Creatures (collateral kills)
  A bullfrog (D:6)
1 creature vanquished.

Vanquished Creatures (others)
  5 plants (D:2)
  A withered plant (D:5)
6 creatures vanquished.

Grand Total: 153 creatures vanquished

Notes
Turn   | Place    | Note
-------+----------+-------------------------------------------
     0 | D:1      | themarg the Demonspawn Cinder Acolyte began the quest for
                  | the Orb.
     0 | D:1      | Reached XP level 1. HP: 18/18 MP: 2/2
    67 | D:1      | Found Aguow's Distillery.
    96 | D:1      | Gained mutation: Your touch may inflict minor irresistible
                  | damage on your foes. [demonic ancestry]
    96 | D:1      | Reached XP level 2. HP: 24/24 MP: 3/3
    99 | D:1      | Learned a level 2 spell: Scorch
   177 | D:1      | Reached skill level 1 in Stealth
   606 | D:1      | Bought a potion of degeneration for 14 gold pieces
   673 | D:2      | Reached XP level 3. HP: 29/29 MP: 0/5
  1417 | D:2      | Identified the +1 chain mail of Fashionability {Harm rPois
                  | rC- Dex+4}
  1435 | D:2      | Reached XP level 4. HP: 35/35 MP: 1/7
  2497 | D:3      | Noticed Natasha
  2514 | D:3      | Killed Natasha
  2515 | D:3      | Gained mutation: Your touch may inflict irresistible damage
                  | on your foes. [demonic ancestry]
  2515 | D:3      | Reached XP level 5. HP: 23/41 MP: 3/8
  3655 | D:4      | Found an ornate altar of the Wu Jian Council.
  3656 | D:4      | Found a shadowy altar of Dithmenos.
  3656 | D:4      | Noticed an ogre
  3930 | D:4      | Found a staircase to the Ecumenical Temple.
  3938 | D:4      | Reached skill level 5 in Fire Magic
  4010 | Temple   | Entered the Ecumenical Temple
  4010 | Temple   | Found a transporter.
  4010 | Temple   | Found a transporter.
  4012 | Temple   | Found a transporter.
  4012 | Temple   | Found a transporter.
  4054 | D:4      | Reached XP level 6. HP: 22/44 MP: 4/9
  4316 | D:4      | Identified the amulet "Punoit" {RegenMP Rampage +Blink
                  | rElec rN++ Int-4}
  4359 | D:4      | Found a burning altar of Makhleb.
  5005 | D:5      | Entered Level 5 of the Dungeon
  5225 | D:5      | Gained mutation: Your touch may irresistibly damage your
                  | foes and sap their willpower. [demonic ancestry]
  5225 | D:5      | Reached XP level 7. HP: 51/53 MP: 5/10
  5270 | D:5      | Found an ancient bone altar of Kikubaaqudgha.
  5270 | D:5      | Found a blossoming altar of Fedhas.
  5302 | D:5      | Reached skill level 4 in Fighting
  5445 | D:5      | Reached skill level 5 in Fighting
  5445 | D:5      | Reached skill level 1 in Evocations
  6018 | D:5      | Noticed Pikel
  6072 | D:5      | Killed Pikel
  6073 | D:5      | Gained mutation: You regenerate a little health from kills.
                  | [demonic ancestry]
  6073 | D:5      | Reached XP level 8. HP: 54/64 MP: 6/14
  6169 | D:5      | Found a hazy altar of Hepliaklqana.
  6273 | D:6      | Reached skill level 6 in Fighting
  6531 | D:6      | Reached skill level 7 in Fighting
  6584 | D:6      | Noticed Prince Ribbit
  6599 | D:6      | Killed Prince Ribbit
  6600 | D:6      | Reached skill level 8 in Fighting
  6808 | D:6      | Gained mutation: A weak demonic guardian rushes to your
                  | aid. [demonic ancestry]
  6808 | D:6      | Reached XP level 9. HP: 55/75 MP: 9/15
  7217 | D:6      | Reached skill level 9 in Fighting
  7855 | D:7      | Slain by a vampire

Illustrated notes

Levels and vault maps discovered:
D:1:      spicycebolla_arrival_risky_transporter, layout_rooms, serial_shops,
          shop
D:2:      minmay_thinvault, layout_rooms, serial_bayou, serial_bayou_lake_a,
          serial_bayou_pond_a, serial_bayou_shore_b, serial_bayou_crossing,
          serial_bayou_pond_c
D:3:      minmay_evil_eye, layout_basic, grunt_decor_fettered,
          grunt_decor_clamped, grunt_ministairs_5, uniq_natasha
D:4:      layout_loops_ring, chequers_temple_overflow_statue_of_worship,
          minmay_temple_entry_mini_moons
D:5:      layout_loops_ring, grunt_temple_overflow_growth_and_decay,
          nicolae_hepliaklqana_hippocampus, uniq_pikel
D:6:      layout_loops_ring, grunt_ministairs_8, uniq_prince_ribbit1
D:7:      layout_basic
Temple:   hellmonk_temple_divided_pantheon

Skill      XL: |  1  2  3  4  5  6  7  8  9 |
---------------+----------------------------+-----
Stealth        | 1 2 3 |  3.0
Fire Magic     | 3 4 5 6 |  6.0
Spellcasting   | 2 4 |  4.0
Fighting       | 5 8 9 |  9.5
Evocations     | 2 |  2.0
Throwing       | 2 |  2.0
Axes           | |  2.6

Action                     |  1- 3 |  4- 6 |  7- 9 || total
---------------------------+-------+-------+-------++-------
  Melee: Hand axe          |    64 |       |       ||    64
         Touch             |     3 |     9 |     5 ||    17
         Short sword       |       |    69 |    41 ||   110
   Cast: Scorch            |    26 |    81 |    71 ||   178
 Invoke: Fiery Armour      |       |     2 |       ||     2
  Evoke: Wand              |       |       |     1 ||     1
    Use: Scroll            |       |     6 |       ||     6
         Potion            |       |       |     2 ||     2
   Stab: Sleeping          |     1 |       |       ||     1
 Armour: Robe              |     9 |    13 |     6 ||    28
  Dodge: Dodged            |    50 |    44 |    61 ||   155

Table legend: (Time is in decaauts)
 A = Elapsed time spent in this place.
 B = Non-inter-level travel time spent in this place.
 C = Inter-level travel time spent in this place.
 D = Time resting spent in this place.
 E = Time spent auto-exploring this place.
 F = Levels seen in this place.
 G = Mean time per level.
                   A        B        C        D        E       F      G
               +--------+--------+--------+--------+--------+-----+--------+
         Total |   7896 |   7624 |    272 |    310 |   6255 |   8 |  987.0 |
       Dungeon |   7866 |   7603 |    263 |    310 |   6253 |   7 | 1123.7 |
        Temple |     29 |     20 |      9 |      0 |      2 |   1 |   29.0 |
               +--------+--------+--------+--------+--------+-----+--------+

Top non-repeatable levels by time:
     D:2: 1631 daAuts
     D:3: 1428 daAuts
     D:6: 1407 daAuts
     D:4: 1320 daAuts
     D:5: 1249 daAuts
     D:1: 636 daAuts
     D:7: 192 daAuts
  Temple: 29 daAuts
